 Dungeon Crawl Stone Soup version 0.28.0-62-gf88900778d (webtiles) character file.

Game seed: 16539810487809216099

396 Froggeryz the Cutter (level 6, -1/67 HPs)
             Began as an Octopode Berserker on Sept 16, 2023.
             Was a Priest of Trog.
             Slain by a gnoll sergeant
             ... wielding a +0 spear
              (5 damage)
             ... on level 5 of the Dungeon.
             The game lasted 00:03:00 (5058 turns).

Froggeryz the Cutter (Octopode Berserker)           Turns: 5058, Time: 00:03:01

Health: -1/67      AC:  1    Str: 16    XL:     6   Next: 83%
Magic:  15/15      EV: 13    Int: 10    God:    Trog [***...]
Gold:   279        SH:  0    Dex: 13    Spells: 5/5 levels left

rFire   . . .      SeeInvis .   a - +0 short sword
rCold   . . .      Faith    .   (no shield)
rNeg    . . .      Spirit   .   (helmet restricted)
rPois   .          Reflect  .   (no amulet)
rElec   .          Harm     .   m - ring of magical power
rCorr   .          Rampage  .   (no ring)
Will    .....                   (no ring)
Stlth   ..........              (no ring)
HPRegen 0.21/turn               (no ring)
MPRegen 0.14/turn               (no ring)
                                (no ring)
                                (no ring)

@: berserking, very quick
A: almost no armour, amphibious, 8 rings, camouflage 1, gelatinous body 1,
(nimble swimmer 1), tentacles
a: Renounce Religion, Berserk, Trog's Hand


You were on level 5 of the Dungeon.
You worshipped Trog.
Trog was most pleased with you.
You visited 2 branches of the dungeon, and saw 6 of its levels.

You collected 279 gold pieces.

Inventory:

Hand Weapons
 a - a +0 short sword (weapon)
Missiles
 l - a silver boomerang (quivered)
Jewellery
 m - a ring of magical power (left tentacle)
Scrolls
 b - a scroll of teleportation {unknown}
 d - 5 scrolls of identify {unknown}
 f - a scroll of immolation {unknown}
 g - 2 scrolls of torment {unknown}
 n - a scroll of noise {unknown}
 o - a scroll of amnesia {unknown}
Potions
 c - 2 potions of mutation {unknown}
 e - 2 potions of heal wounds {unknown}
 h - a potion of cancellation {unknown}
 i - 3 potions of haste {unknown}
 j - a potion of might {unknown}
 k - a potion of brilliance {unknown}
 p - a potion of curing {unknown}


   Skills:
 + Level 4.8 Fighting
 * Level 6.3 Short Blades
 + Level 3.0 Dodging


You had 5 spell levels left.
You didn't know any spells.
Your spell library was empty.

Dungeon Overview and Level Annotations

Branches:
Dungeon (5/15)             Temple (1/1) D:4

Altars:
Trog


Innate Abilities, Weirdness & Mutations

You cannot wear most types of armour.
You are amphibious.
You can wear up to eight rings at the same time.
Your skin changes colour to match your surroundings (Stealth+).
Your rubbery body absorbs attacks. (AC +1, EV +1)
((You are camouflaged when in or above water. (Stealth+)))
You have tentacles for arms and can constrict up to eight enemies at once.


Message History

You hit the gnoll.
The gnoll is heavily wounded.
You constrict the gnoll. The gnoll barely misses you.
You hit the gnoll but do no damage.
Your tentacle-slap misses the gnoll.
The gnoll is heavily wounded.
You constrict the gnoll. The gnoll hits you with a +0 spear.
You hit the gnoll.
You kill the gnoll!
Trog accepts your kill.
You recover from your berserk rage.
The gnoll hits you from afar with a +0 halberd.
The gnoll sergeant hits you with a +0 spear!
You see here a +0 spear.
You hit the gnoll sergeant but do no damage.
Your grab misses the gnoll sergeant. You squeeze the gnoll sergeant!
The gnoll sergeant is moderately wounded.
The gnoll hits you from afar with a +0 halberd!
The gnoll sergeant hits you with a +0 spear.
* * * LOW HITPOINT WARNING * * *
You are too injured to fight recklessly!
You are too injured to fight recklessly!
You are too injured to fight recklessly!
You are too injured to fight recklessly!
You are too injured to fight recklessly!
You are too injured to fight recklessly!
You are too injured to fight recklessly!
You are too injured to fight recklessly!
You are too injured to fight recklessly!
You are too injured to fight recklessly!
You are too injured to fight recklessly!
You are too injured to fight recklessly!
You are too injured to fight recklessly!
You are too injured to fight recklessly!
You are too injured to fight recklessly!
A red film seems to cover your vision as you go berserk!
You feel yourself moving faster!
You feel mighty!
The gnoll hits you from afar with a +0 halberd!
* * * LOW HITPOINT WARNING * * *
The gnoll sergeant hits you with a +0 spear.
You die...

#.# ##### #.#
#...# ..# #...#
#.#######...####
#g##...........###
#g##..............
#g##.#.........###
#@##.####...#.## #
#..).# #...#.# #
####.####...#.####
#................
#.#.#######...###
#....# #..(###
...#..# #......
###....# #.#.#
####.# #.#.#


You could see a gnoll sergeant and 2 gnolls.

Vanquished Creatures
  2 ogres
  A hound (D:4)
  Robin (D:2)
  5 adders
  2 gnolls (D:5)
  A worm (D:3)
  4 dart slugs
  6 orcs
  7 endoplasms
  2 giant cockroaches
  20 goblins
  17 hobgoblins
  3 quokkas
  4 ball pythons
  9 bats
  2 frilled lizards
  7 kobolds
  8 rats
101 creatures vanquished.

Notes
Turn   | Place    | Note
-------+----------+-------------------------------------------
     0 | D:1      | Froggeryz the Octopode Berserker began the quest for the
                  | Orb.
     0 | D:1      | Reached XP level 1. HP: 16/16 MP: 1/1
   121 | D:1      | Reached XP level 2. HP: 14/21 MP: 2/2
   734 | D:1      | Reached ** piety under Trog
   735 | D:1      | Reached XP level 3. HP: 26/26 MP: 3/3
  1095 | D:2      | Reached skill level 4 in Short Blades
  1416 | D:2      | Found a faded altar of an unknown god.
  1670 | D:2      | Reached XP level 4. HP: 32/32 MP: 4/4
  1753 | D:2      | Noticed Robin
  1764 | D:2      | Killed Robin
  2154 | D:2      | Reached XP level 5. HP: 33/37 MP: 5/5
  2704 | D:3      | Reached skill level 5 in Short Blades
  3093 | D:3      | Found a bloodstained altar of Trog.
  3340 | D:3      | Reached *** piety under Trog
  3903 | D:4      | Found a staircase to the Ecumenical Temple.
  4174 | D:4      | Noticed an ogre
  4184 | D:4      | Killed an ogre
  4185 | D:4      | Reached XP level 6. HP: 21/44 MP: 6/6
  4880 | Temple   | Entered the Ecumenical Temple
  4896 | D:5      | Entered Level 5 of the Dungeon
  5002 | D:5      | Reached skill level 6 in Short Blades
  5058 | D:5      | Slain by a gnoll sergeant

Illustrated notes

Levels and vault maps discovered:
D:1:      eino_arrival_cavern_e, layout_loops_ring
D:2:      kennysheep_the_goblin_king, layout_loops_ring,
          ebering_ecumenical_altar_mist, uniq_robin
D:3:      layout_basic, trog_three_pillars_becter
D:4:      layout_loops_corners, minmay_temple_entry_stoned_glass, serial_rivers,
          chequers_serial_rivers_micro_b, chequers_serial_rivers_micro_b,
          chequers_serial_rivers_small_3, chequers_serial_rivers_room_b,
          chequers_serial_rivers_room_b, chequers_serial_rivers_micro_c
D:5:      layout_loops_ring
Temple:   mainiacjoe_temple_hex_bubbles

Skill      XL: |  1  2  3  4  5  6 |
---------------+-------------------+-----
Short Blades   | 4 5 6 |  6.3
Fighting       | 4 |  4.8
Dodging        | |  3.0

Action                   |  1- 3 |  4- 6 || total
-------------------------+-------+-------++-------
Melee: Short sword       |    84 |   119 ||   203
       Constrict         |    21 |    29 ||    50
       Tentacles         |    16 |    28 ||    44
       Punch             |     1 |     5 ||     6
Throw: Boomerang         |       |     1 ||     1
Invok: Berserk           |       |     4 ||     4
 Stab: Sleeping          |    10 |     8 ||    18
Armor: Skin              |     6 |     8 ||    14
Dodge: Dodged            |    41 |    52 ||    93
